AoeStats
← Xz

Black Forest

510131121Analyzed
3v3 RM · 3d ago on Sep 29, 2026· 53m 9s· 6 players
Game mode
Random Map
Map size
Normal (6 player)
Population
200
Speed
Normal
Resources
Standard
Victory
Conquest
Starting age
Dark Age
Ending age
Imperial Age
RankedLock teamsTeams togetherTeam positionsShared explorationLock speedFull tech treeHidden civsTurbo modeCheats
Victory
Defeat
🇦🇷 Japanese · Argentina
728
+16
🇩🇪 Franks · Germany
725
+16
🇲🇽 Bohemians · Mexico
724
+17
🇩🇰 Bulgarians · Denmark
759
-17
🇮🇩 Vikings · Indonesia
750
-17
🇹🇷 Bohemians · Türkiye
702
-15
zauberkugel112
0:26 Loom
11:09 Feudal Age
12:29 Wheelbarrow
11:42 Double-Bit Axe
18:32 Castle Age
17:36 Gold Mining
18:23 Stone Mining
19:07 Forging
19:02 Scale Barding Armor
19:59 Scale Barding Armor
20:35 Hand Cart
21:49 Bow Saw
23:11 Scale Mail Armor
23:50 Gold Shaft Mining
30:07 Imperial Age
28:20 Ordonnance Companies
29:52 Husbandry
34:05 Chemistry
33:17 Fortified Wall
33:07 Cavalier
35:53 Conscription
40:31 Elite Throwing Axeman
43:47 Light Cavalry
44:48 Chain Mail Armor
45:09 Iron Casting
50:56 Paladin
52:53 Plate Mail Armor
53:32 Blast Furnace
CALLATEprr@
0:46 Loom
12:43 Feudal Age
14:50 Double-Bit Axe
15:33 Horse Collar
17:32 Man-at-Arms
17:59 Arson
20:25 Castle Age
19:24 Man-at-Arms
20:11 Arson
21:28 Long Swordsman
22:09 Squires
22:23 Fletching
24:17 Wheelbarrow
25:00 Bow Saw
24:54 Heavy Plow
28:01 Fervor
28:39 Scale Mail Armor
31:34 Forging
31:40 Chain Mail Armor
33:00 Hand Cart
36:11 Iron Casting
35:47 Pikeman
41:04 Imperial Age
38:21 Town Watch
39:50 Chemistry
39:12 Ballistics
39:31 Town Patrol
40:55 Bodkin Arrow
41:01 Padded Archer Armor
44:06 Two-Man Saw
43:19 Siege Engineers
43:10 Houfnice
44:10 Two-Handed Swordsman
44:27 Elite Hussite Wagon
45:20 Caravan
47:03 Champion
48:15 Wagenburg Tactics
48:31 Conscription
51:19 Sanctity
Wispi
0:29 Loom
12:05 Feudal Age
15:37 Wheelbarrow
17:42 Town Watch
20:50 Castle Age
18:41 Horse Collar
19:53 Double-Bit Axe
22:00 Heavy Plow
23:04 Fervor
23:08 Bow Saw
23:38 Treadmill Crane
27:14 Gold Mining
32:17 Imperial Age
30:43 Gold Shaft Mining
30:01 Stone Mining
30:48 Hand Cart
31:04 Caravan
31:25 Murder Holes
31:51 Fortified Wall
32:42 Ballistics
33:57 Capped Ram
36:25 Two-Man Saw
38:05 Kataparuto
37:51 Scale Mail Armor
38:01 Forging
37:46 Elite Samurai
38:49 Chain Mail Armor
38:38 Man-at-Arms
39:19 Squires
39:05 Gambesons
40:08 Iron Casting
39:19 Long Swordsman
40:20 Two-Handed Swordsman
41:35 Plate Mail Armor
42:05 Champion
44:39 Blast Furnace
43:32 Arson
SonOfRain
4:53 Loom
14:28 Feudal Age
15:06 Horse Collar
16:04 Double-Bit Axe
22:49 Castle Age
24:32 Bow Saw
24:25 Heavy Plow
30:15 Man-at-Arms
32:12 Pikeman
32:53 Squires
33:57 Padded Archer Armor
34:00 Scale Mail Armor
34:10 Forging
36:17 Chain Mail Armor
37:10 Padded Archer Armor
37:01 Fletching
39:24 Wheelbarrow
42:19 Imperial Age
40:54 Ballistics
41:35 Chemistry
41:11 Masonry
40:51 Town Watch
43:17 Siege Engineers
43:28 Elite Hussite Wagon
44:13 Wagenburg Tactics
45:34 Two-Man Saw
45:44 Conscription
45:56 Leather Archer Armor
47:27 Halberdier
50:32 Architecture
50:37 Ring Archer Armor
50:02 Bodkin Arrow
Brabus88
1:33 Loom
6:05 Loom
6:27 Loom
13:31 Feudal Age
14:51 Wheelbarrow
15:43 Double-Bit Axe
18:04 Forging
18:14 Gold Mining
21:36 Castle Age
27:20 Gambesons
27:38 Scale Mail Armor
27:42 Stone Mining
31:37 Iron Casting
40:12 Horse Collar
42:39 Caravan
43:36 Hand Cart
43:13 Pikeman
43:57 Squires
44:06 Heavy Plow
44:40 Bow Saw
44:59 Scale Barding Armor
45:11 Chain Mail Armor
50:27 Imperial Age
50:31 Halberdier
Xz
0:57 Loom
12:56 Feudal Age
14:51 Double-Bit Axe
22:17 Castle Age
20:23 Gold Mining
21:27 Horse Collar
22:04 Scale Mail Armor
22:14 Forging
22:38 Arson
24:20 Bow Saw
25:42 Chain Mail Armor
26:03 Iron Casting
26:33 Heavy Plow
28:05 Gold Shaft Mining
28:00 Squires
29:33 Chieftains
35:01 Imperial Age
34:52 Crossbowman
35:19 Elite Varangian Guard
36:35 Crop Rotation
37:25 Plate Mail Armor
37:56 Blast Furnace
36:27 Arbalester
40:26 Two-Man Saw
42:36 Ballistics
44:37 Padded Archer Armor
44:29 Fletching
45:50 Caravan
Connection lost

Rejoining the realm…

Still unreachable

The connection could not be restored.

Session expired

The server has moved on; the page needs a fresh start.